 Dungeon Crawl Stone Soup version 0.23.0 (webtiles) character file.

Game seed: 8302436097992266880

6032 McIvan the Thaumaturge (level 10, -2/56 HPs)
             Began as a Deep Elf Conjurer on Feb 13, 2019.
             Was a Priest of Vehumet.
             Slain by a spiny frog (15 damage)
             ... on level 1 of the Lair of Beasts.
             The game lasted 01:50:15 (11870 turns).

McIvan the Thaumaturge (Deep Elf Conjurer)         Turns: 11870, Time: 01:50:16

Health: -2/56      AC:  4    Str:  5    XL:     10   Next: 56%
Magic:  24/35      EV: 17    Int: 24    God:    Vehumet [***...]
Gold:   531        SH:  0    Dex: 15    Spells: 12/29 levels left

rFire    . . .     SeeInvis .   A - +5 quarterstaff (freeze)
rCold    . . .     Gourm    +   (shield currently unavailable)
rNeg     . . .     Faith    .   J - +0 robe
rPois    +         Spirit   .   (no helmet)
rElec    .         Reflect  .   B - +1 cloak
rCorr    .         Harm     .   (no gloves)
MR       +....                  (no boots)
Stlth    +++.......             q - amulet of the gourmand
HPRegen  0.18/turn              u - ring of poison resistance
MPRegen  0.24/turn              D - ring of magical power

@: no status effects
A: no striking features
a: Renounce Religion


You were on level 1 of the Lair of Beasts.
You worshipped Vehumet.
Vehumet was most pleased with you.
You were very full.

You visited 3 branches of the dungeon, and saw 11 of its levels.

You collected 589 gold pieces.
You spent 58 gold pieces at shops.

Inventory:

Hand Weapons
 z - a +4 morningstar
 A - a +5 quarterstaff of freezing (weapon)
 E - a +2 short sword of electrocution
Missiles
 g - 79 poisoned needles (quivered)
 h - 195 stones
 F - 4 tomahawks
Armour
 B - a +1 cloak (worn)
 J - a +0 robe (worn)
Jewellery
 i - an uncursed ring of fire
 j - an uncursed amulet of magic regeneration
 q - an amulet of the gourmand (around neck)
 t - a +2 ring of evasion
 u - a ring of poison resistance (left hand)
 D - a ring of magical power (right hand)
Wands
 b - a wand of enslavement (5)
 f - a wand of flame (19)
 v - a wand of polymorph (21)
 w - a wand of iceblast (9)
 y - a wand of digging (6)
 H - a wand of paralysis (9)
Scrolls
 a - a scroll of teleportation
 k - a scroll of amnesia
 n - 2 scrolls of remove curse
 p - 3 scrolls of enchant armour
 x - a scroll of fear
Potions
 d - 2 potions of invisibility
 e - a potion of curing
 l - 5 potions of mutation
 m - 4 potions of brilliance
 o - 3 potions of flight
 r - 2 potions of resistance
 s - 2 potions of berserk rage
 G - 2 potions of might
Comestibles
 c - 9 rations


   Skills:
 + Level 3.5 Fighting
 - Level 8.0 Dodging
 - Level 5.0 Stealth
 + Level 10.1 Spellcasting
 + Level 9.4 Conjurations
 + Level 5.8 Hexes
 * Level 5.2 Summonings
 - Level 2.2 Translocations
 * Level 4.2 Air Magic


You had 12 spell levels left.
You knew the following spells:

 Your Spells              Type           Power        Failure   Level  Hunger
a - Magic Dart            Conj           ####         1%          1    None
b - Searing Ray           Conj           ######       1%          2    None
d - Force Lance           Conj/Tloc      #####...     1%          4    #......
e - Fulminant Prism       Conj/Hex       #####.....   1%          4    #......
f - Call Imp              Summ           #####...     1%          2    None
g - Summon Lightning Spi  Summ/Air       #####...     8%          4    #......

Your spell library contained the following spells:

 Spells                   Type           Power        Failure   Level  Hunger
 Throw Flame              Conj/Fire      ####..       1%          2    None
 Sandblast                Erth           ##....       1%          1    None
 Summon Small Mammal      Summ           ####         1%          1    None
 Call Canine Familiar     Summ           #####...     1%          3    None
 Dazzling Spray           Conj/Hex       #####.       1%          3    None
 Stone Arrow              Conj/Erth      ####..       1%          3    None
 Summon Guardian Golem    Hex/Summ       #####...     1%          3    None
 Iskenderun's Mystic Bla  Conj           ######..     1%          4    #......
 Shroud of Golubria       Chrm/Tloc      ###.......   4%          2    None
 Spectral Weapon          Hex/Chrm       ####....     4%          3    None
 Infusion                 Chrm           ##..         5%          1    None
 Passwall                 Tmut/Erth      ##......     8%          2    None
 Song of Slaying          Chrm           ##......     8%          2    None
 Regeneration             Chrm/Necr      ##........   16%         3    None
 Summon Ice Beast         Ice/Summ       ###.....     17%         4    #......
 Lee's Rapid Deconstruct  Erth           ##........   34%         5    ####...
 Petrify                  Tmut/Erth      ##......     45%         4    #......


Dungeon Overview and Level Annotations

Branches:
Dungeon (9/15)             Temple (1/1) D:6            Lair (1/6) D:9
    Orc: D:9-12

Altars:
Ashenzari
Cheibriados
Dithmenos
Elyvilon
Fedhas
Gozag
Hepliaklqana
Kikubaaqudgha
Makhleb
Nemelex Xobeh
Okawaru
Qazlal
Ru
Sif Muna
Trog
Uskayaw
Vehumet
Wu Jian
Xom
Yredelemnul
Zin
The Shining One
Jiyva

Shops:
D:5 (   D:9 *


Message History

The spiny frog is moderately wounded.
The spiny frog stings you!
The searing ray hits the spiny frog!
The spiny frog is heavily wounded.
The spiny frog stings you!
The searing ray hits the spiny frog!
The spiny frog is almost dead.
You finish channeling your searing ray.
The spiny frog stings you!
* * * LOW HITPOINT WARNING * * *
The spiny frog stings you.
* * * LOW HITPOINT WARNING * * *
Casting: Searing Ray (safe; 1% risk of failure)
Confirm with . or Enter, or press ? or * to list all spells.
Aiming: Force Lance (safe; 1% risk of failure)
Press: ? - help, Shift-Dir - straight line, f/p - spiny frog
Aim: a spiny frog (almost dead)
The lance of force hits the spiny frog but does no damage.
The spiny frog is almost dead.
The spiny frog stings you!
You die...

# . #. .# #..
### #.#
###..###.####.#
..............##
...............#
.......@.<....##
......F###.....#
......#
#.......# #....#
#..#.##.# ##...
#..# # #... #...
... ..... ...
..... ..###.


You could see a spiny frog.

Vanquished Creatures
  The ghost of mystoof the Thaumaturge, a novice GnWz (D:8)
  Pikel (D:7)
  A komodo dragon (D:9)
  Prince Ribbit (D:7)
  A slime creature (D:8)
  2 hippogriffs
  Eustachio (D:4)
  2 hungry ghosts
  Menkaure (D:4)
  2 orc warriors
  2 black bears
  4 slaves (D:7)
  2 ice beasts (D:7)
  A phantom (D:7)
  4 ogres
  2 centaurs
  A big kobold (D:8)
  7 bullfrogs
  A gnoll sergeant (D:8)
  4 wights (D:5)
  A howler monkey (D:6)
  3 crimson imps
  A quasit (D:8)
  5 hounds
  A centaur zombie (D:5)
  Crazy Yiuf (D:5)
  7 orc priests
  5 jellies
  8 orc wizards
  5 worker ants
  A hound skeleton (D:4)
  7 gnolls
  A howler monkey skeleton (D:8)
  2 worker ant zombies (D:8)
  13 adders
  4 shadow imps
  3 adder skeletons
  An adder zombie (D:5)
  2 worms
  A dart slug (D:1)
  9 leopard geckos
  25 orcs
  11 bats
  6 giant cockroaches
  10 goblins
  7 hobgoblins
  19 jackals
  7 quokkas
  3 ball pythons
  7 frilled lizards
  2 gnoll zombies (D:6)
  18 kobolds
  A leopard gecko skeleton (D:4)
  3 quokka skeletons
  A quokka zombie (D:8)
  10 rats
252 creatures vanquished.

Vanquished Creatures (collateral kills)
  A slime creature (D:8)
  A howler monkey skeleton (D:9)
2 creatures vanquished.

Vanquished Creatures (others)
  An ogre (D:7)
  A crimson imp (D:7)
  30 fulminant prisms
  A plant (D:9)
33 creatures vanquished.

Grand Total: 287 creatures vanquished

Notes
Turn   | Place    | Note
-------+----------+-------------------------------------------
     0 | D:1      | McIvan the Deep Elf Conjurer began the quest for the Orb.
     0 | D:1      | Reached XP level 1. HP: 10/10 MP: 6/6
   192 | D:1      | Reached XP level 2. HP: 15/15 MP: 4/8
   580 | D:1      | Reached XP level 3. HP: 7/19 MP: 0/10
  1246 | D:1      | Learned a level 2 spell: Searing Ray
  1508 | D:2      | Reached skill level 4 in Spellcasting
  1739 | D:2      | Reached skill level 5 in Conjurations
  1778 | D:2      | Reached XP level 4. HP: 7/24 MP: 1/12
  2550 | D:3      | Found a burning altar of Makhleb.
  2719 | D:3      | Found a white marble altar of Elyvilon.
  3054 | D:3      | Reached XP level 5. HP: 28/28 MP: 12/14
  3425 | D:4      | Reached skill level 5 in Spellcasting
  3771 | D:4      | Noticed Menkaure
  3784 | D:4      | Killed Menkaure
  3784 | D:4      | Reached skill level 5 in Dodging
  3784 | D:4      | Reached XP level 6. HP: 5/32 MP: 7/16
  4271 | D:4      | Reached skill level 6 in Spellcasting
  4438 | D:4      | Noticed Eustachio
  4746 | D:4      | Learned a level 4 spell: Iskenderun's Mystic Blast
  5017 | D:4      | Killed Eustachio
  5017 | D:4      | Reached XP level 7. HP: 34/36 MP: 0/19
  5083 | D:5      | Entered Level 5 of the Dungeon
  5347 | D:5      | Found a radiant altar of Vehumet.
  5374 | D:5      | Became a worshipper of Vehumet
  5562 | D:5      | Learned a level 4 spell: Force Lance
  5567 | D:5      | Learned a level 4 spell: Fulminant Prism
  5789 | D:5      | Reached skill level 7 in Spellcasting
  5929 | D:5      | Reached skill level 1 in Hexes
  6032 | D:5      | Found Cyfeinee's Antique Weapon Shoppe.
  6089 | D:5      | Found a runed translucent door.
  6090 | D:5      | Noticed Crazy Yiuf
  6143 | D:5      | Killed Crazy Yiuf
  6423 | D:5      | Reached skill level 1 in Fighting
  6423 | D:5      | Reached XP level 8. HP: 43/43 MP: 7/21
  7242 | D:6      | Found a basalt altar of Yredelemnul.
  7339 | D:6      | Found a staircase to the Ecumenical Temple.
  7354 | D:6      | Reached * piety under Vehumet
  7354 | D:6      | Offered knowledge of Sting by Vehumet.
  7354 | D:6      | Reached skill level 8 in Spellcasting
  7795 | D:6      | Reached skill level 1 in Translocations
  7803 | Temple   | Entered the Ecumenical Temple
  8489 | D:7      | Learned a level 2 spell: Call Imp
  8494 | D:7      | Learned a level 4 spell: Summon Lightning Spire
  8516 | D:7      | Reached XP level 9. HP: 48/48 MP: 8/23
  8650 | D:7      | Reached skill level 1 in Summonings
  8920 | D:7      | Noticed Prince Ribbit
  8920 | D:7      | Noticed Pikel
  8958 | D:7      | Killed Prince Ribbit
  8958 | D:7      | Reached skill level 9 in Spellcasting
  8958 | D:7      | Reached skill level 1 in Air Magic
  9110 | D:7      | Killed Pikel
  9677 | D:8      | Reached ** piety under Vehumet
  9677 | D:8      | Offered knowledge of Freeze by Vehumet.
  9908 | D:7      | Reached XP level 10. HP: 39/56 MP: 22/25
 10042 | D:8      | Reached skill level 5 in Hexes
 10266 | D:8      | Offered knowledge of Throw Flame by Vehumet.
 10567 | D:8      | Reached *** piety under Vehumet
 10652 | D:8      | Found a runed translucent gate.
 10682 | D:8      | Found a runed translucent gate.
 10684 | D:8      | Found a runed translucent gate.
 10687 | D:8      | Found a viscous altar of Jiyva.
 10687 | D:8      | Noticed mystoof's ghost (novice GnWz)
 10720 | D:8      | Killed mystoof's ghost
 10720 | D:8      | Reached skill level 5 in Stealth
 10838 | D:8      | Reached skill level 10 in Spellcasting
 10912 | D:8      | Reached skill level 5 in Summonings
 11017 | D:9      | Found a shattered altar of Ashenzari.
 11324 | D:9      | Found a staircase to the Lair.
 11527 | D:9      | Found an ornate altar of the Wu Jian Council.
 11556 | D:9      | Found Kegaush's Assorted Antiques.
 11563 | D:9      | Bought a scroll labeled FOINUIQOED for 29 gold pieces
 11563 | D:9      | Bought a scroll labeled GOENYL BYENAZ for 29 gold pieces
 11857 | Lair:1   | Entered Level 1 of the Lair of Beasts
 11861 | Lair:1   | Noticed a spiny frog
 11870 | Lair:1   | Slain by a spiny frog

Skill      XL: |  1  2  3  4  5  6  7  8  9 10 |
---------------+-------------------------------+-----
Dodging        | 3 4 5 6 7 8 |  8.0
Spellcasting   | 4 5 6 7 8 9 10 | 10.1
Conjurations   | 5 6 7 8 9 |  9.4
Hexes          | 1 3 4 5 |  5.8
Fighting       | 1 2 3 |  3.5
Translocations | 1 2 |  2.2
Summonings     | 3 5 |  5.2
Stealth        | 4 5 |  5.0
Air Magic      | 2 4 |  4.2

Action                   |  1- 3 |  4- 6 |  7- 9 | 10-12 || total
-------------------------+-------+-------+-------+-------++-------
Melee: Hand axe          |    21 |    12 |    20 |       ||    53
       Quarterstaff      |       |       |     4 |     6 ||    10
 Cast: Magic Dart        |    91 |   113 |   196 |    49 ||   449
       Searing Ray       |     6 |    20 |    37 |    13 ||    76
       Iskenderun's Myst |       |     2 |    14 |     2 ||    18
       Fulminant Prism   |       |       |    10 |    20 ||    30
       Call Imp          |       |       |       |     3 ||     3
       Force Lance       |       |       |       |     3 ||     3
       Summon Lightning  |       |       |       |     1 ||     1
  Use: Potion            |     1 |       |     2 |       ||     3
       Scroll            |       |     2 |    15 |     7 ||    24
  Eat: Chunk             |     2 |    20 |    17 |    11 ||    50
Armor: Robe              |     5 |    15 |    13 |     7 ||    40
Dodge: Dodged            |    22 |    66 |    94 |    23 ||   205
